Map: Luxuriance EC (Void)

Players

Florencio - Winner!

  • Race: Protoss Protoss
  • League: Diamond
  • Spawn Location: 7:00

Epinephrine

  • Race: Zerg Zerg
  • League: Master
  • Spawn Location: 1:00

VOD

Have the link to the VOD?

Description

Time

  • Played on: Dec. 19, 2016, 5:16 p.m.
  • Length: 21:34
Show
View Real Time Build Order
Export as new Build Order

Florencio Protoss - Winner!

Build Orders:  

Get SALT Encoding   

  12  0:01  Probe (Chrono Boost)  
  14  0:14  Probe (Chrono Boost)  
  14  0:23  Pylon  
  14  0:25  Probe (Chrono Boost)  
  15  0:41  Probe (Chrono Boost)  
  16  0:45  Forge  
  16  0:51  Probe (Chrono Boost)  
  17  1:02  Probe (Chrono Boost), Pylon  
  18  1:09  Assimilator  
  18  1:17  Assimilator  
  17  1:38  Probe (Chrono Boost)  
  18  1:46  Nexus  
  17  1:48  Probe (Chrono Boost)  
  17  1:49  Pylon  
  18  1:59  Probe (Chrono Boost)  
  19  2:07  Gateway  
  19  2:13  Gateway  
  19  2:17  Photon Cannon  
  19  2:19  Pylon  
  19  2:23  Pylon  
  19  2:27  Probe (Chrono Boost)  
  20  2:39  Probe (Chrono Boost)  
  21  2:51  Nexus  
  21  2:59  Cybernetics Core  
  21  3:02  Probe (Chrono Boost)  
  22  3:10  Assimilator  
  22  3:12  Probe (Chrono Boost)  
  23  3:15  Assimilator  
  23  3:17  Probe (Chrono Boost)  
  24  3:23  Probe (Chrono Boost)  
  24  3:25  Pylon  
  25  3:30  Pylon  
  25  3:35  Probe (Chrono Boost)  
  25  3:40  Assimilator  
  27  3:41  Probe (Chrono Boost)  
  27  3:45  Probe (Chrono Boost)  
  28  3:56  Photon Cannon  
  28  3:58  Probe (Chrono Boost)  
  28  4:01  Assimilator  
  29  4:04  Probe (Chrono Boost)  
  29  4:08  Photon Cannon  
  29  4:09  Probe (Chrono Boost)  
  32  4:10  Probe (Chrono Boost)  
  32  4:20  Stargate  
  32  4:26  Probe (Chrono Boost)  
  32  4:30  Probe (Chrono Boost)  
  34  4:33  Probe (Chrono Boost)  
  34  4:36  Probe (Chrono Boost)  
  36  4:40  Probe (Chrono Boost)  
  36  4:42  Photon Cannon  
  37  4:47  Probe (Chrono Boost)  
  37  4:50  Probe (Chrono Boost)  
  37  4:51  Mothership Core (Chrono Boost)  
  41  4:54  Pylon  
  41  4:57  Probe (Chrono Boost)  
  42  5:01  Probe (Chrono Boost)  
  43  5:07  Assimilator  
  43  5:08  Probe (Chrono Boost)  
  43  5:10  Probe (Chrono Boost)  
  43  5:11  Probe (Chrono Boost)  
  46  5:19  Pylon x2  
  46  5:22  Pylon  
  46  5:26  Pylon  
  46  5:27  Pylon  
  46  5:30  Photon Cannon  
  46  5:39  Pylon  
  46  5:41  Void Ray  
  50  5:43  Probe (Chrono Boost)  
  51  5:53  Photon Cannon  
  51  5:54  Probe (Chrono Boost)  
  52  5:59  Photon Cannon  
  52  6:01  Photon Cannon  
  44  6:36  Probe (Chrono Boost)  
  44  6:40  Photon Cannon  
  44  6:41  Void Ray  
  44  6:44  Probe (Chrono Boost)  
  44  6:46  Probe (Chrono Boost)  
  50  6:49  Assimilator  
  50  6:54  Probe (Chrono Boost)  
  50  6:55  Gateway  
  51  7:05  Probe (Chrono Boost)  
  52  7:22  Void Ray  
  56  7:32  Pylon  
  56  7:36  Probe (Chrono Boost)  
  57  7:41  Nexus  
  57  7:42  Pylon  
  57  7:47  Photon Cannon  
  57  7:51  Cybernetics Core  
  57  7:56  Pylon  
  57  7:57  Pylon  
  57  7:59  Void Ray  
  57  8:01  Photon Cannon  
  57  8:03  Photon Cannon  
  61  8:26  Photon Cannon  
  61  8:28  Pylon  
  61  8:33  Stargate  
  61  8:35  Fleet Beacon  
  61  8:45  Void Ray  
  65  8:56  Probe (Chrono Boost)  
  65  8:59  Photon Cannon  
  65  9:01  Photon Cannon  
  66  9:03  Pylon  
  66  9:15  Stargate  
  66  9:16  Stargate  
  66  9:34  Phoenix  
  66  9:37  Pylon  
  66  9:38  Phoenix  
  70  9:41  Graviton Catapult  
  70  9:43  Probe (Chrono Boost)  
  71  9:47  Photon Cannon, Pylon  
  67  9:53  Probe (Chrono Boost)  
  67  9:55  Photon Cannon  
  68  10:02  Phoenix  
  68  10:04  Probe (Chrono Boost)  
  68  10:05  Phoenix x2  
  75  10:10  Photon Cannon  
  74  10:14  Probe (Chrono Boost)  
  74  10:19  Phoenix  
  77  10:25  Photon Cannon, Probe (Chrono Boost)  
  78  10:29  Photon Cannon  
  77  10:44  Phoenix  
  77  10:57  Phoenix  
  77  10:58  Assimilator  
  77  11:01  Phoenix x2  
  83  11:09  Phoenix  
  85  11:14  Photon Cannon  
  85  11:17  Photon Cannon  
  85  11:19  Phoenix  
  85  11:20  Photon Cannon  
  85  11:24  Probe (Chrono Boost)  
  88  11:34  Probe (Chrono Boost)  
  88  11:35  Phoenix  
  91  11:40  Pylon  
  91  11:45  Probe (Chrono Boost)  
  92  11:55  Probe (Chrono Boost)  
  93  12:06  Probe (Chrono Boost)  
  82  12:33  Phoenix  
  82  12:36  Phoenix x3  
  68  12:54  Phoenix  
  70  13:01  Phoenix x3  
  76  13:16  Phoenix  
  76  13:18  Pylon  
  78  13:25  Pylon  
  78  13:26  Phoenix x3  
  82  13:28  Pylon  
  82  13:30  Pylon  
  79  13:38  Phoenix  
  77  13:51  Phoenix x2  
  77  13:52  Anion Pulse-Crystals  
  81  13:59  Phoenix  
  81  14:00  Phoenix  
  83  14:03  Probe (Chrono Boost)  
  86  14:13  Probe (Chrono Boost), Pylon  
  86  14:15  Pylon  
  91  14:17  Photon Cannon  
  91  14:19  Photon Cannon  
  91  14:21  Photon Cannon  
  91  14:23  Photon Cannon  
  92  14:24  Probe (Chrono Boost), Void Ray  
  92  14:26  Void Ray x2  
  100  14:47  Void Ray  
  104  15:07  Void Ray  
  108  15:18  Void Ray x2  
  115  15:24  Mothership Core (Chrono Boost)  
  113  15:30  Void Ray  
  112  15:58  Phoenix  
  112  16:01  Phoenix x2  
  116  16:46  Void Ray  
  120  16:57  Void Ray x2  
  126  17:09  Photon Cannon, Probe (Chrono Boost)  
  126  17:10  Photon Cannon  
  126  17:12  Photon Cannon  
  126  17:14  Pylon  
  127  17:20  Probe (Chrono Boost)  
  128  17:30  Probe (Chrono Boost)  
  129  17:37  Void Ray  
  129  17:40  Mothership Core (Chrono Boost)  
  129  17:41  Probe (Chrono Boost)  
  135  17:51  Probe (Chrono Boost)  
  99  19:15  Void Ray  
  99  19:16  Void Ray  
  99  19:17  Void Ray  
  107  20:12  Nexus  
  107  20:13  Pylon  
  107  20:15  Pylon  
  107  20:22  Oracle  
Show
View Real Time Build Order
Export as new Build Order

Epinephrine Zerg 

Build Orders: Hatch First 

Get SALT Encoding   

  12  0:01  Drone  
  13  0:08  Drone  
  14  0:18  Overlord  
  14  0:23  Extractor  
  14  0:24  Drone  
  15  0:37  Drone x2  
  17  0:56  Hatchery  
  16  0:59  Drone  
  16  1:01  Drone  
  18  1:22  Spawning Pool  
  17  1:32  Drone  
  18  1:44  Drone  
  19  1:53  Overlord  
  19  2:04  Drone x2  
  19  2:05  Extractor  
  20  2:11  Queen  
  22  2:31  Hatchery  
  22  2:36  Drone  
  22  2:42  Drone x2  
  24  2:45  Drone  
  25  2:51  Overlord  
  25  2:56  Drone  
  25  2:58  Drone  
  27  3:08  Metabolic Boost  
  27  3:10  Drone x2  
  29  3:17  Drone x2  
  31  3:23  Queen  
  33  3:31  Zergling x2  
  33  3:32  Zergling x4  
  33  3:33  Zergling x2  
  37  3:40  Overlord  
  37  3:47  Baneling Nest  
  36  3:56  Drone x4  
  36  4:01  Queen  
  42  4:05  Overlord  
  42  4:13  Drone x4  
  46  4:26  Zergling x2  
  46  4:27  Zergling x16  
  55  4:40  Zergling x2  
  55  4:41  Zergling x10  
  55  4:43  Baneling x6  
  61  4:48  Overlord  
  61  4:54  Overlord  
  61  5:03  Zergling x10  
  61  5:05  Overlord x2  
  63  5:19  Zergling x18  
  65  5:30  Zergling x2  
  60  5:40  Zergling x6  
  60  5:42  Baneling x8  
  63  5:44  Baneling  
  63  5:49  Queen  
  65  5:52  Hatchery, Overlord  
  65  5:54  Zergling x10  
  60  6:18  Zergling x2  
  60  6:19  Zergling x22  
  66  6:38  Drone x6  
  70  6:40  Lair  
  70  6:42  Extractor  
  70  6:43  Extractor  
  67  6:50  Drone x3  
  57  7:12  Drone x10  
  63  7:18  Extractor  
  63  7:20  Extractor x2  
  60  7:29  Zergling x10  
  69  7:30  Zergling x18  
  69  7:32  Hatchery  
  73  7:40  Spire  
  72  7:51  Overseer  
  72  7:54  Pneumatized Carapace  
  72  7:58  Drone x6  
  78  8:12  Overseer  
  78  8:19  Zergling x8  
  86  8:20  Zergling x26  
  86  8:25  Spore Crawler x2  
  93  8:32  Spore Crawler  
  93  8:33  Spore Crawler  
  68  8:58  Mutalisk x8  
  68  8:59  Mutalisk x3  
  74  9:13  Queen  
  74  9:14  Queen x3  
  82  9:17  Mutalisk  
  84  9:35  Drone x10  
  94  9:55  Zerg Flyer Weapons Level 1  
  94  10:02  Spore Crawler x2  
  92  10:07  Mutalisk  
  92  10:08  Mutalisk x5  
  104  10:16  Extractor  
  104  10:20  Extractor  
  102  10:23  Drone x2  
  102  10:25  Overlord x2  
  102  10:26  Overlord  
  104  10:36  Hatchery  
  103  10:50  Mutalisk x2  
  103  10:51  Mutalisk x3  
  103  10:53  Drone x5  
  103  10:54  Drone x3  
  121  11:28  Extractor  
  121  11:32  Extractor  
  117  11:54  Mutalisk x10  
  121  12:28  Mutalisk x3  
  121  12:29  Mutalisk x2  
  118  12:32  Zergling x30  
  118  12:34  Overlord x5  
  118  12:35  Overlord  
  118  12:36  Overlord  
  125  12:53  Mutalisk  
  125  12:54  Mutalisk x3  
  128  12:59  Zergling x6  
  128  13:00  Zergling x6  
  127  13:24  Mutalisk x5  
  126  13:48  Zergling x36  
  133  13:59  Queen x4  
  133  14:02  Zergling x10  
  146  14:09  Zergling x2, Evolution Chamber  
  146  14:10  Zergling x2  
  146  14:11  Evolution Chamber, Infestation Pit  
  146  14:16  Drone  
  146  14:17  Hatchery  
  146  14:22  Zergling x8  
  149  14:29  Mutalisk x5  
  149  14:30  Mutalisk x3  
  165  14:45  Mutalisk  
  165  14:46  Mutalisk x3  
  173  14:59  Zergling x6  
  176  15:01  Overlord x3  
  176  15:03  Extractor  
  176  15:04  Hatchery  
  172  15:07  Extractor  
  167  15:18  Zerg Ground Armor Level 1, Zerg Melee Weapons Level 1  
  146  15:30  Hive  
  141  15:38  Spore Crawler  
  141  15:41  Spore Crawler  
  121  15:52  Pathogen Glands  
  121  16:01  Spore Crawler  
  118  16:16  Spore Crawler x2  
  118  16:17  Spore Crawler  
  118  16:18  Spore Crawler  
  109  16:25  Spore Crawler  
  100  16:26  Spore Crawler  
  93  16:38  Burrow  
  93  16:39  Zergling x22  
  102  16:40  Zergling x18  
  100  17:07  Overlord x6  
  94  17:46  Hydralisk Den  
  94  17:49  Infestor x7  
  54  19:16  Hydralisk x5  
  54  19:17  Hydralisk  
  46  19:24  Muscular Augments  
  52  19:32  Hydralisk  
  52  19:33  Hydralisk  
  56  19:40  Infestor x2  
  60  19:53  Hydralisk x2  
  64  20:04  Hydralisk  
  64  20:05  Hydralisk  
  68  20:10  Hatchery  
Tags
 
Add a new tag
Caveats
  • Supply blocks, unpowered buildings, or Contaminate may cause inaccurate times.
  • Supply counts are checked every 10 seconds.